 Dungeon Crawl Stone Soup version 0.28-a0-1518-gbe868bca14 (webtiles) character file.

Game seed: 4802599217932308324

29 knot the Chopper (level 3, 24/29 HPs)
             Began as a Demonspawn Berserker on Jan 17, 2022.
             Was a Follower of Trog.
             Quit the game on level 2 of the Dungeon.
             The game lasted 00:00:40 (1094 turns).

knot the Chopper (Demonspawn Berserker)             Turns: 1094, Time: 00:00:41

Health: 24/29      AC:  5    Str: 17    XL:     3   Next: 1%
Magic:  3/3        EV: 11    Int: 10    God:    Trog [*.....]
Gold:   36         SH:  4    Dex: 12    Spells: 2/2 levels left

rFire   . . .      SeeInvis .   a - +0 hand axe
rCold   . . .      Faith    .   (no shield)
rNeg    . . .      Spirit   .   f - +0 ring mail
rPois   .          Reflect  .   (no helmet)
rElec   .          Harm     .   (no cloak)
rCorr   .          Rampage  .   (no gloves)
Will    .....                   (no boots)
Stlth   +.........              (no amulet)
HPRegen 0.09/turn               (no ring)
MPRegen 0.16/turn               (no ring)

@: no status effects
A: large bone plates 1, magic regeneration
a: Renounce Religion, Berserk


You were on level 2 of the Dungeon.
You worshipped Trog.
Trog was aware of your devotion.
You visited 1 branch of the dungeon, and saw 2 of its levels.

You collected 36 gold pieces.

Inventory:

Hand Weapons
 a - a +0 hand axe (weapon)
Missiles
 c - 8 stones (quivered)
 e - 6 boomerangs
Armour
 f - a +0 ring mail (worn)
Potions
 d - a potion of curing {unknown}


   Skills:
 - Level 3.0 Fighting
 + Level 3.8 Axes
 - Level 1.7 Armour
 - Level 1.7 Dodging


You had 2 spell levels left.
You didn't know any spells.
Your spell library was empty.

Dungeon Overview and Level Annotations

Branches:
Dungeon (2/15)

Altars:


Innate Abilities, Weirdness & Mutations

You are partially covered in large bone plates. (SH +4)
You regenerate magic rapidly.


Message History

You hit the dart slug.
You kill the dart slug!
Trog accepts your kill.
No target in view!
No target in view!
A dart slug comes into view.
The dart slug launches a dart at you.
The slug dart hits you but does no damage.
A dart slug is nearby!
A dart slug is nearby!
A quokka comes into view.
The dart slug barely misses you.
You slash the dart slug!
The dart slug is severely wounded.
The quokka closely misses you.
You hit the dart slug.
You kill the dart slug!
Trog accepts your kill.
You closely miss the quokka. The quokka bites you.
You hit the quokka but do no damage.
The quokka bites you but does no damage.
You hit the quokka.
The quokka is heavily wounded.
The quokka closely misses you.
The quokka bites you but does no damage.
You hit the quokka.
The quokka is severely wounded.
The quokka closely misses you.
You closely miss the quokka.
The quokka is severely wounded.
The quokka bites you.
You hit the quokka.
You kill the quokka!
Trog accepts your kill.
You have reached level 3!
Your experience leads to an increase in your attributes!
Increase (S)trength, (I)ntelligence, or (D)exterity?
You feel clever. x2; Your demonic ancestry asserts itself...
Large bone plates grow over parts of your arms.
Are you sure you want to abandon this character and quit the game? (Confirm with "yes".)

#..........
#..........
#..........
#####..........
.##............
.............
#.........†#
#.#......@.#
#..........#
#......!...#
............##
.............#
.........#.#.#
#...........#
#.......#†#.#
#...........#


There were no monsters in sight!

Vanquished Creatures
  2 dart slugs (D:2)
  A ball python (D:1)
  6 endoplasms
  A giant cockroach (D:1)
  A goblin (D:1)
  3 hobgoblins (D:1)
  2 quokkas
  2 frilled lizards (D:1)
  3 kobolds (D:1)
  A rat (D:1)
22 creatures vanquished.

Notes
Turn   | Place    | Note
-------+----------+-------------------------------------------
     0 | D:1      | knot the Demonspawn Berserker began the quest for the Orb.
     0 | D:1      | Reached XP level 1. HP: 18/18 MP: 1/1
     0 | D:1      | Noticed a felid
     1 | D:1      | Noticed a formicid
     2 | D:1      | Noticed a minotaur
     4 | D:1      | Noticed an octopode
     6 | D:1      | Noticed a formicid
    11 | D:1      | Noticed a merfolk
    11 | D:1      | Noticed a troll
    13 | D:1      | Noticed a human
    15 | D:1      | Noticed a troll
    15 | D:1      | Noticed a felid
    17 | D:1      | Noticed a minotaur
    17 | D:1      | Noticed a ghoul
    17 | D:1      | Noticed a vampire
    19 | D:1      | Noticed a vampire
    19 | D:1      | Noticed a demigod
   665 | D:1      | Gained mutation: You regenerate magic rapidly. [demonic
                  | ancestry]
   665 | D:1      | Reached XP level 2. HP: 24/24 MP: 2/2
  1094 | D:2      | Gained mutation: You are partially covered in large bone
                  | plates. (SH +4) [demonic ancestry]
  1094 | D:2      | Reached XP level 3. HP: 24/29 MP: 3/3
  1094 | D:2      | Quit the game

Illustrated notes

Levels and vault maps discovered:
D:1:      shiori_arrival_whats_in_store_for_you, layout_basic,
          nicolae_concentric_dashed_squares_wild, minmay_surrounded
D:2:      layout_basic, serial_glass, glass_columns_a, glass_columns_b,
          uniq_jessica

Skill      XL: |  1 |
---------------+----+-----
Axes           | 3 |  3.8
Fighting       | |  3.0
Armour         | |  1.7
Dodging        | |  1.7

Action                   || total
-------------------------++-------
Melee: Hand axe          ||    61
Invok: Berserk           ||     1
 Stab: Sleeping          ||     1
Armor: Animal skin       ||     1
       Ring mail         ||    17
Dodge: Dodged            ||    39

Table legend: (Time is in decaauts)
 A = Elapsed time spent in this place.
 B = Non-inter-level travel time spent in this place.
 C = Inter-level travel time spent in this place.
 D = Time resting spent in this place.
 E = Time spent auto-exploring this place.
 F = Levels seen in this place.
 G = Mean time per level.
                   A        B        C        D        E       F      G
               +--------+--------+--------+--------+--------+-----+--------+
         Total |   1106 |   1059 |     47 |    138 |    776 |   2 |  553.0 |
       Dungeon |   1106 |   1059 |     47 |    138 |    776 |   2 |  553.0 |
               +--------+--------+--------+--------+--------+-----+--------+

Top non-repeatable levels by time:
     D:1: 1060 daAuts
     D:2: 45 daAuts
